 Dungeon Crawl Stone Soup version 0.22-a0-601-gb0ed703 (webtiles) character file.

173 sking99 the Skirmisher (level 5, 0/43 HPs)
             Began as a Formicid Abyssal Knight on July 6, 2018.
             Was a Priest of Lugonu.
             Slain by a hound (4 damage)
             ... on level 3 of the Dungeon.
             The game lasted 00:04:55 (2653 turns).

sking99 the Skirmisher (Formicid Abyssal Knight)    Turns: 2653, Time: 00:04:56

Health: 0/43       AC:  5    Str: 17    XL:     5   Next: 83%
Magic:  7/7        EV:  8    Int: 11    God:    Lugonu [***...]
Gold:   131        SH:  7    Dex: 11    Spells: 4/4 levels left

rFire    . . .     SeeInvis +   a - +1 hand axe
rCold    . . .     Gourm    .   o - +0 shield
rNeg     . . .     Faith    .   b - +0 leather armour
rPois    .         Spirit   .   (helmet unavailable)
rElec    .         Reflect  .   (no cloak)
rCorr    .         Harm     .   n - +1 pair of gloves {archery}
MR       .....                  (no boots)
Stlth    +.........             (no amulet)
HPRegen  0.14/turn              (no ring)
MPRegen  0.10/turn              (no ring)

@: no status effects
A: permanent stasis, dig shafts and tunnels, four strong arms, antennae 3
a: Dig, Shaft Self, Depart the Abyss, Bend Space, Banish, Renounce Religion


You were on level 3 of the Dungeon.
You worshipped Lugonu.
Lugonu was most pleased with you.
You were not hungry.

You visited 1 branch of the dungeon, and saw 4 of its levels.
You visited the Abyss 1 time.

You collected 131 gold pieces.

Inventory:

Hand Weapons
 a - a +1 hand axe (weapon)
Armour
 b - a +0 leather armour (worn)
 n - a +1 pair of gloves of archery (worn)
 o - a +0 shield (worn)
Wands
 t - a wand of scattershot (5)
Scrolls
 g - a scroll of fog {unknown}
 h - 2 scrolls of amnesia {unknown}
 i - 2 scrolls of immolation {unknown}
 j - 3 scrolls of remove curse {unknown}
 k - a scroll of fear {unknown}
 l - 2 scrolls of identify {unknown}
 p - 2 scrolls of magic mapping {unknown}
 q - 2 scrolls of teleportation {unknown}
Potions
 e - a potion of brilliance {unknown}
 f - a potion of agility {unknown}
 m - a potion of mutation {unknown}
 r - a potion of degeneration {unknown}
 s - a potion of ambrosia {unknown}
 u - a potion of cancellation {unknown}
Comestibles
 c - 7 rations
 d - 8 chunks of flesh


   Skills:
 + Level 4.6 Fighting
 * Level 3.8 Axes
 - Level 2.4 Armour
 - Level 1.2 Dodging
 + Level 3.3 Invocations


You had 4 spell levels left.
You didn't know any spells.
Your spell library contained the following spells:

 Spells                   Type           Power        Failure   Level  Hunger
 Magic Dart               Conj           #...         96%         1    ##.....
 Conjure Flame            Conj/Fire      #.......     100%        3    ####...
 Slow                     Hex            #.......     99%         2    ###....
 Mephitic Cloud           Conj/Pois/Air  #.......     100%        3    ####...
 Blink                    Tloc           N/A          99%         2    ###....
 Call Imp                 Summ           #.......     99%         2    ###....


Dungeon Overview and Level Annotations

Branches:
Dungeon (4/15)
 Temple: D:4-7

Altars:
Cheibriados
Hepliaklqana
Okawaru
Trog
Vehumet


Innate Abilities, Weirdness & Mutations

You cannot be hasted, slowed, berserked, paralysed or teleported.
You can dig through walls and to a lower floor.
Your four strong arms can wield two-handed weapons with a shield.
You have a pair of large antennae on your head. (SInv)


Message History

The hound is lightly wounded.
You block the hound's attack. x2
You block the hound's attack.
The hound pauses to sniff the ground.
The hound bites you but does no damage. The hound bites you.
* * * LOW HITPOINT WARNING * * *
There is a stone staircase leading up here.
The hound bites you.
* * * LOW HITPOINT WARNING * * *
You block the hound's attack.
You climb upwards.
There is a stone staircase leading down here.
You hit the hound but do no damage.
The hound is lightly wounded.
The hound bites you but does no damage. You block the hound's attack.
You hit the hound.
The hound is moderately wounded.
The hound closely misses you. The hound bites you.
You die...

#..#
#..........#....{..
##.#
#.....###..##.#{...
#.# #.....#
#..##.##### #.#
####### #.....# #.#
#######.#..# #.#
#.....#.#..# #.#
#)###.#.#..# #
#.#########.#........#
#
#.......h@....#.#....#
#
###########.###.######
# #.###.# ########
#.....# #...<..#
####### #.####.#
##.####.# #........
#..#.##.# #.......#


You could see a hound.

Vanquished Creatures
  A howler monkey (D:2)
  Ijyb (D:3)
  4 adders
  2 worms
  2 dart slugs
  2 leopard geckos
  3 orcs (D:3)
  A ball python (D:1)
  16 bats
  5 giant cockroaches
  7 goblins
  9 hobgoblins
  A jackal (D:3)
  6 kobolds
  3 frilled lizards
  9 rats
72 creatures vanquished.

Vanquished Creatures (others)
  A rat (D:3)
1 creature vanquished.

Grand Total: 73 creatures vanquished

Notes
Turn   | Place    | Note
-------+----------+-------------------------------------------
     0 | Abyss:1  | sking99 the Formicid Abyssal Knight began the quest for the Orb.
     0 | Abyss:1  | Reached XP level 1. HP: 18/18 MP: 2/2
    17 | D:1      | Escaped the Abyss
    48 | D:1      | Reached skill level 1 in Dodging
    79 | D:1      | Reached XP level 2. HP: 22/24 MP: 3/3
   385 | D:1      | Reached ** piety under Lugonu
   423 | D:1      | Reached XP level 3. HP: 23/30 MP: 4/4
   544 | D:1      | Reached skill level 4 in Fighting
  1021 | D:2      | Found a hazy altar of Hepliaklqana.
  1194 | D:2      | Reached XP level 4. HP: 26/37 MP: 4/6
  1250 | D:2      | Found a snail-covered altar of Cheibriados.
  1455 | D:2      | Reached XP level 5. HP: 38/43 MP: 7/7
  2179 | D:3      | Reached *** piety under Lugonu
  2281 | D:3      | Found a bloodstained altar of Trog.
  2346 | D:3      | Found an iron altar of Okawaru.
  2426 | D:3      | Noticed Ijyb
  2442 | D:3      | Killed Ijyb
  2443 | D:3      | Found a radiant altar of Vehumet.
  2653 | D:3      | Slain by a hound

Vault maps used:
D:1:      dpeg_arrival_windows_large_door, serial_curves, eino_curves_01,
          eino_curves_01, minmay_tall_x
D:2:      old_standard_altar, kennysheep_slug_shrine, kennysheep_nub,
          kennysheep_generic_room_15
D:3:      lemuel_doored_altar, fiery_altar_vehumet, marbit_many_paths,
          first_ration, uniq_ijyb
D:4:      kennysheep_little_box, old_standard_altar,
          lemuel_coloured_pillars_altar, nicolae_overflow_hidden_temple,
          overflow_temple_1_default, minmay_temple_entry_mist,
          biasface_ghost_orc_armoury, grunt_ministairs_14,
          kennysheep_generic_room_11

Skill      XL: |  1  2  3  4  5 |
---------------+----------------+-----
Dodging        | 1 |  1.2
Fighting       | 4 |  4.6
Axes           | 3 |  3.8
Invocations    | 3 |  3.3
Armour         | |  2.4

Action                   |  1- 3 |  4- 6 || total
-------------------------+-------+-------++-------
Melee: Hand axe          |   127 |   141 ||   268
 Abil: Dig               |     2 |       ||     2
  Eat: Chunk             |     1 |     5 ||     6
Armor: Leather armour    |    70 |    54 ||   124
Dodge: Dodged            |   102 |    61 ||   163
Block: Shield            |    17 |    59 ||    76

Table legend:
 A = Spawn XP
 B = Non-spawn XP
 C = Spawn XP percentage of total XP
 D = Spawn monster count
 E = Non-spawn monster count
 F = Spawn count percentage of total count
 G = Total turns spent on level
                    A         B        C        D         E        F      G
               +---------+---------+-------+---------+---------+-------+---------
         Total |       0 |     248 |   0.0 |       0 |      72 |   0.0 |  2653
               +---------+---------+-------+---------+---------+-------+---------
           D:1 |       0 |      56 |   0.0 |       0 |      32 |   0.0 |  1002
           D:2 |       0 |     102 |   0.0 |       0 |      15 |   0.0 |   759
           D:3 |       0 |      81 |   0.0 |       0 |      22 |   0.0 |   779
           D:4 |       0 |       9 |   0.0 |       0 |       3 |   0.0 |    96
               +---------+---------+-------+---------+---------+-------+---------
